 Dungeon Sprint DCSS version 0.17-b1-36-g7b1967c (webtiles) character file.

14 hexophile the Chopper (level 2, -1/28 HPs)
             Began as a Naga Fighter on Nov 6, 2015.
             Was an Initiate of Okawaru.
             Slain by a sky beast (5 damage)
             ... in the Dungeon (Sprint VII: "The Pits").
             The game lasted 00:00:33 (268 turns).

hexophile the Chopper (Naga Fighter)                 Turns: 268, Time: 00:00:33

Health: -1/28      AC:  4    Str: 23    XL:     2   Next: 45%
Magic:  2/2        EV:  5    Int:  8    God:    Okawaru [......]
Gold:   0          SH:  9    Dex: 10    Spells: 0 memorised, 1 level left

rFire  . . .     SeeInvis +     a - +0 war axe
rCold  . . .     Clarity  .     b - +0 scale mail
rNeg   . . .     SustAt   .     c - +0 shield
rPois  +         Gourm    .     (no helmet)
rElec  .         Spirit   .     (no cloak)
rCorr  .         Warding  .     (no gloves)
rMut   .         NoTele   +     (no barding)
MR     .....                    (no amulet)
Stlth  ..........               (no ring)
                                (no ring)

@: mighty, very slow, not resistant to hostile enchantments, extremely
unstealthy
A: see invisible, deformed body, poison resistance, slowness 2, slow metabolism
1, spit poison 2, AC +0
a: Spit Poison, Renounce Religion


You were in the Dungeon.
You worshipped Okawaru.
Okawaru was noncommittal.
You were not hungry.

You visited 1 branch


Innate Abilities, Weirdness & Mutations

You cannot wear boots.
Your serpentine skin is tough (AC +0).
You have supernaturally acute eyesight.
Armour fits poorly on your strangely shaped body.
Your system is resistant to poisons.
You cover ground very slowly.
You have a slow metabolism.
You can spit poison.

Inventory:

Hand Weapons
 a - a +0 war axe (weapon)
Armour
 b - a +0 scale mail (worn)
 c - a +0 shield (worn)
Scrolls
 k - a scroll of blinking
 n - 3 scrolls of remove curse
 o - a scroll of summoning
 p - 2 scrolls of vulnerability
Potions
 e - 2 potions of invisibility
 f - a potion of curing
 g - a potion of heal wounds
 h - a potion of haste
 i - 4 potions of magic
 j - 3 potions of berserk rage
Comestibles
 l - 40 fruits
 m - 7 meat rations
 q - 2 chunks of flesh
 r - 8 bread rations


You had one spell level left.
You didn't know any spells.


   Skills:
 - Level 3.0 Fighting
 + Level 5.2 Axes
 - Level 2.4 Armour
 - Level 2.4 Shields

Dungeon Overview and Level Annotations

Branches:
Dungeon (1/1)

Altars:
Ashenzari
Cheibriados
Dithmenos
Elyvilon
Fedhas
Gozag
Kikubaaqudgha
Makhleb
Nemelex Xobeh
Okawaru
Qazlal
Ru
Sif Muna
Trog
Vehumet
Xom
Yredelemnul
Zin
The Shining One
Beogh
Jiyva
Lugonu

Vault maps used:
D:        pitsprint
You       could see a sky beast (invisible).


Message History

You completely miss the ooze.
The ooze is almost dead.
You barely miss the sky beast. You block the sky beast's attack.
The ooze hits you.
You lost 1 HP.
You have now: 19/28 HP.
You hit the ooze.
You kill the ooze!
Okawaru accepts your kill.
Your Axes skill increases to level 5!
You hit the sky beast.
The sky beast is moderately wounded.
You block the bat's attack. You block the sky beast's attack.
The bat hits you but does no damage.
The sky beast hits you but does no damage.
You closely miss the sky beast.
The sky beast is moderately wounded.
You miss the bat. The bat hits you but does no damage.
The bat barely misses you. The sky beast hits you. The sky beast shocks you.
* * * LOW HITPOINT WARNING * * *
!MASSIVE DAMAGE!
YOU LOST 8 HP!
You have now: 11/28 HP.
Drink which item? (? for menu, Esc to quit)
You feel very mighty all of a sudden. You block the sky beast's attack.
The bat hits you but does no damage.
Unknown command.
You slash the sky beast!
The sky beast is heavily wounded.
You slash the bat!
You kill the bat!
Okawaru accepts your kill. You block the sky beast's attack.
You miss the sky beast.
The sky beast is heavily wounded.
The sky beast barely misses you. The sky beast hits you.
* * * LOW HITPOINT WARNING * * *
The sky beast shocks you.
* * * LOW HITPOINT WARNING * * *
!MASSIVE DAMAGE!
YOU LOST 6 HP!
You have now: 5/28 HP.
You miss the sky beast.
The sky beast is heavily wounded.
The sky beast hits you but does no damage.
Unknown command.
You closely miss the sky beast.
The sky beast is heavily wounded.
The sky beast flickers out of sight for a moment.
The sky beast hits you.
* * * LOW HITPOINT WARNING * * *
The sky beast shocks you.
You die...

Action                   || total
-------------------------++-------
Melee: War axe           ||    26
  Use: Potion            ||     1

Notes
Turn   | Place    | Note
--------------------------------------------------------------
     0 | D        | hexophile the Naga Fighter began the quest for the Orb.
     0 | D        | Reached XP level 1. HP: 21/21 MP: 1/1
    11 | D        | Reached skill level 3 in Axes
    21 | D        | Found a sacrificial altar of Ru.
    21 | D        | Found a basalt altar of Yredelemnul.
    21 | D        | Found a shadowy altar of Dithmenos.
    21 | D        | Found a deep blue altar of Sif Muna.
    21 | D        | Found a burning altar of Makhleb.
    21 | D        | Found a shimmering altar of Xom.
    21 | D        | Found an ancient bone altar of Kikubaaqudgha.
    21 | D        | Found a sparkling altar of Nemelex Xobeh.
    23 | D        | Found a bloodstained altar of Trog.
    23 | D        | Found a corrupted altar of Lugonu.
    23 | D        | Found a viscous altar of Jiyva.
    32 | D        | Found a glowing golden altar of the Shining One.
    32 | D        | Found a shattered altar of Ashenzari.
    32 | D        | Found a white marble altar of Elyvilon.
    32 | D        | Found a snail-covered altar of Cheibriados.
    32 | D        | Found a blossoming altar of Fedhas.
    32 | D        | Found a radiant altar of Vehumet.
    32 | D        | Found a glowing silver altar of Zin.
    32 | D        | Found a roughly hewn altar of Beogh.
    32 | D        | Found an iron altar of Okawaru.
    37 | D        | Found a stormy altar of Qazlal.
    37 | D        | Found an opulent altar of Gozag.
    39 | D        | Became a worshipper of Warmaster Okawaru
    58 | D        | Reached skill level 4 in Axes
    71 | D        | Reached XP level 2. HP: 10/28 MP: 2/2
   253 | D        | Noticed a sky beast
   262 | D        | Reached skill level 5 in Axes
   268 | D        | Slain by a sky beast

Table legend:
 A = Turns spent in this place as a percentage of turns spent in the entire game.
 B = Non-inter-level travel turns spent in this place as a percentage of non-inter-level travel turns spent in the entire game.
 C = Inter-level travel turns spent in this place as a percentage of turns spent in this place.
 D = Turns resting spent in this place as a percentage of non-inter-level travel turns spent in this place.
 E = Turns spent auto-exploring this place as a percentage of non-inter-level travel turns spent in this place.
 F = Non-inter-level travel turns spent in this place divided by the number of levels of this place that you've seen.
                   A       B       C       D       E      F
               +-------+-------+-------+-------+-------+----------------------
         Total | 100.0 | 100.0 |   0.0 |   4.9 |   0.0 | 102.0
       Dungeon | 100.0 | 100.0 |   0.0 |   4.9 |   0.0 | 102.0
               +-------+-------+-------+-------+-------+----------------------

Table legend:
 A = Kills in this place as a percentage of kills in entire the game.
 B = Kills by you in this place as a percentage of kills by you in the entire game.
 C = Kills by friends in this place as a percentage of kills by friends in the entire game.
 D = Other kills in this place as a percentage of other kills in the entire game.
 E = Experience gained in this place as a percentage of experience gained in the entire game.
 F = Experience gained in this place divided by the number of levels of this place that you have seen.
                   A       B       C       D       E      F
               +-------+-------+-------+-------+-------+----------------------
         Total | 100.0 | 100.0 |  -nan |  -nan | 100.0 |  21.0
       Dungeon | 100.0 | 100.0 |  -nan |  -nan | 100.0 |  21.0
               +-------+-------+-------+-------+-------+----------------------

Vanquished Creatures
  An ooze (D)
  A giant gecko (D)
  An orc (D)
  A giant cockroach (D)
  2 jackals (D)
  A bat (D)
  A jackal zombie (D)
  A rat (D)
9 creatures vanquished.
